 Dungeon Crawl Stone Soup version 0.22-a0-284-g99d1f74 (webtiles) character file.

12 4thArraOfDagon the Slasher (level 2, 0/22 HPs)
             Began as a Formicid Warper on Mar 21, 2018.
             Slain by a kobold
             ... wielding a +0 short sword
              (4 damage)
             ... on level 1 of the Dungeon.
             The game lasted 00:00:44 (154 turns).

4thArraOfDagon the Slasher (Formicid Warper)         Turns: 154, Time: 00:00:45

Health: 0/22       AC:  5    Str: 20    XL:     2   Next: 45%
Magic:  5/5        EV: 11    Int: 12    God:
Gold:   13         SH:  0    Dex: 10    Spells: 5/5 levels left

rFire    . . .     SeeInvis +   a - +0 falchion
rCold    . . .     Gourm    .   (no shield)
rNeg     . . .     Faith    .   i - +0 ring mail
rPois    .         Spirit   .   (helmet unavailable)
rElec    .         Reflect  .   (no cloak)
rCorr    .         Harm     .   (no gloves)
MR       .....                  (no boots)
Stlth    ..........             (no amulet)
HPRegen  0.07/turn              (no ring)
MPRegen  0.09/turn              (no ring)

@: mighty
A: permanent stasis, dig shafts and tunnels, four strong arms, antennae 3
a: Dig, Shaft Self


You were on level 1 of the Dungeon.
You were not hungry.

You visited 1 branch of the dungeon, and saw 1 of its levels.

You collected 13 gold pieces.

Inventory:

Hand Weapons
 a - a +0 falchion (weapon)
Missiles
 e - 5 tomahawks of dispersal (quivered)
Armour
 b - a +0 leather armour
 i - a +0 ring mail (worn)
Scrolls
 d - a scroll of blinking
 h - a scroll of identify {unknown}
Potions
 c - a potion of heal wounds {unknown}
 j - a potion of flight {unknown}
 k - a potion of mutation {unknown}
 l - 2 potions of agility {unknown}
Comestibles
 f - 2 rations


   Skills:
 - Level 2.1 Fighting
 * Level 2.9 Long Blades
 - Level 1.0 Throwing
 - Level 1.1 Armour
 - Level 1.7 Dodging
 - Level 2.1 Spellcasting
   Level 2.6 Translocations


You had 5 spell levels left.
You didn't know any spells.

Dungeon Overview and Level Annotations

Branches:
Dungeon (1/15)

Altars:


Innate Abilities, Weirdness & Mutations

You cannot be hasted, slowed, berserked, paralysed or teleported.
You can dig through walls and to a lower floor.
Your four strong arms can wield two-handed weapons with a shield.
You have a pair of large antennae on your head. (SInv)


Message History

You see here a stone.
Unknown command.
Unknown command.
Unknown command.
You barely miss the kobold. The kobold barely misses you.
You riposte.
You hit the kobold.
The kobold is heavily wounded.
The kobold hits you with a short sword.
* * * LOW HITPOINT WARNING * * *
You closely miss the kobold.
The kobold is heavily wounded.
The kobold closely misses you.
It was a potion of might.
You feel very mighty all of a sudden. The kobold hits you but does no damage.
Unknown command.
You barely miss the kobold.
The kobold is heavily wounded.
The kobold hits you with a short sword.
You die...

..###...####..
#...#.....#..
#...........#
#..........♣ #.........♣
#........♣ #....K...♣ ♣#
#....@...♣♣ ♣.#
#........(♣♣♣♣♣..# {
.................#.#
###...##.........#.#
#.## #####.......# ...
..#......##
#.#############.#......#
#.#...........#.#......#
..#.####.####.#.#......#


You could see a kobold.

Vanquished Creatures
  A dart slug (D:1)
  3 bats (D:1)
  A goblin (D:1)
  A hobgoblin (D:1)
  2 kobolds (D:1)
  2 rats (D:1)
10 creatures vanquished.

Notes
Turn   | Place    | Note
-------+----------+-------------------------------------------
     0 | D:1      | 4thArraOfDagon the Formicid Warper began the quest for the Orb.
     0 | D:1      | Reached XP level 1. HP: 16/16 MP: 3/3
    59 | D:1      | Reached XP level 2. HP: 4/22 MP: 5/5
   154 | D:1      | Slain by a kobold

Vault maps used:
D:1:      matt_arrival_refuge, serial_forest, infiniplex_forest_clump_tiny,
          infiniplex_forest_straight_3, infiniplex_forest_lined_3,
          infiniplex_forest_side_room, infiniplex_forest_end_2,
          infiniplex_forest_straight_2, infiniplex_forest_lined_1,
          infiniplex_forest_straight_2, minmay_misc_feat_x

Action                   || total
-------------------------++-------
Melee: Falchion          ||    29
  Use: Potion            ||     1
Armor: Leather armour    ||     3
       Ring mail         ||     4
Dodge: Dodged            ||    22
       Rpst.: Falchion   ||     8

Table legend:
 A = Spawn XP
 B = Non-spawn XP
 C = Spawn XP percentage of total XP
 D = Spawn monster count
 E = Non-spawn monster count
 F = Spawn count percentage of total count
 G = Total turns spent on level
                    A         B        C        D         E        F      G
               +---------+---------+-------+---------+---------+-------+---------
         Total |       0 |      18 |   0.0 |       0 |      10 |   0.0 |   154
               +---------+---------+-------+---------+---------+-------+---------
           D:1 |       0 |      18 |   0.0 |       0 |      10 |   0.0 |   154
               +---------+---------+-------+---------+---------+-------+---------
